 Dungeon Crawl Stone Soup version 0.27-a0-1248-g57ac2eb73c (webtiles) character file.

Game seed: 2972433812729294962

74793 Ethylacetat the Destroyer (level 15, -7/184 HPs)
             Began as a Naga Ice Elementalist on June 10, 2021.
             Was the Champion of Cheibriados.
             Mangled by an ettin
             ... wielding a +0 dire flail
              (12 damage)
             ... on level 15 of the Dungeon on June 11, 2021.
             The game lasted 02:39:49 (32688 turns).

Ethylacetat the Destroyer (Naga Ice Elementalist)  Turns: 32688, Time: 02:39:51

Health: -7/184     AC: 31    Str: 34 (36) XL:     15   Next: 48%
Magic:  30/30      EV:  1    Int: 42      God:    Cheibriados [******]
Gold:   2519       SH:  7    Dex: 26      Spells: 10/37 levels left

rFire    . . .     SeeInvis +   P - +10 long sword of the Screaming Wolf {flame, *Corrode rN+ Str+4 Int+3}
rCold    . . .     Faith    .   d - +1 buckler {rN+}
rNeg     + + +     Spirit   .   (armour currently unavailable)
rPois    +         Reflect  .   (helmet currently unavailable)
rElec    +         Harm     .   (cloak currently unavailable)
rCorr    +         Rampage  .   (gloves currently unavailable)
Will     +....     NoTele   +   (no barding)
Stlth    +++.......             S - amulet of regeneration
HPRegen  1.40/turn              a - +4 ring of protection
MPRegen  0.22/turn              F - ring "Aluili Waofu" {rElec rCorr Str+6 Int+2}

@: tree-form, marked, very slow
A: stationary, stasis, torment immunity, boosted hp, AC +5, large, see
invisible, (deformed body), (poison resistance), (slowness 2), spit poison 1,
(naga tail 2), (stinger 2), deterioration 1
a: Spit Poison, Renounce Religion, Bend Time, Temporal Distortion, Slouch, Step
From Time


You were on level 15 of the Dungeon.
You worshipped Cheibriados.
Cheibriados was exalted by your worship.
You were a tree.
You visited 3 branches of the dungeon, and saw 22 of its levels.
You also visited: Bailey and Ice Cave.

You collected 2585 gold pieces.
You spent 66 gold pieces at shops.

Inventory:

Hand Weapons
 P - the +10 long sword of the Screaming Wolf (weapon) {flame, *Corrode rN+ Str+4 Int+3}
   (You found it in an ice cave)

   It has been specially enchanted to burn those struck by it, causing extra
   injury to most foes and up to half again as much damage against particularly
   susceptible opponents.
   Big, fiery blades are also staple armaments of hydra-hunters.
   It affects your strength (+4).
   It affects your intelligence (+3).
   It protects you from negative energy.
   It may corrode you when you take damage.
Missiles
 x - 2 throwing nets
 D - 7 atropa-tipped darts
 R - 2 curare-tipped darts
Armour
 d - a +1 buckler of positive energy (worn)
 p - a +1 pair of gloves (melded)
 C - a +0 cloak (melded)
 L - a +2 robe of cold resistance (melded)
Jewellery
 a - a +4 ring of protection (left branch)
 j - a ring of protection from cold
 q - a +4 ring of evasion
 y - a +6 ring of intelligence
 z - a ring of wizardry
 F - the ring "Aluili Waofu" (right branch) {rElec rCorr Str+6 Int+2}
   (You found it on level 13 of the Dungeon)

   [ring of strength]

   It affects your strength (+6).
   It affects your intelligence (+2).
   It insulates you from electricity.
   It protects you from acid and corrosion.
 Q - a ring of magical power
 S - an amulet of regeneration (around neck)
Wands
 b - a wand of iceblast (21)
 r - a wand of paralysis (9)
 G - a wand of acid (19)
 N - a wand of digging (6)
Scrolls
 h - 12 scrolls of identify
 l - a scroll of enchant armour {unknown}
 m - 9 scrolls of teleportation
 t - 3 scrolls of fear {unknown}
 v - a scroll of amnesia
 A - a scroll of blinking {unknown}
 B - a scroll of enchant weapon
 E - 3 scrolls of magic mapping {unknown}
 I - a scroll of vulnerability {unknown}
 J - 3 scrolls of immolation {unknown}
 M - a scroll of holy word {unknown}
 O - a scroll of silence {unknown}
Potions
 c - a potion of experience {unknown}
 f - 3 potions of brilliance {unknown}
 i - a potion of ambrosia {unknown}
 k - 4 potions of might
 n - a potion of lignification
 o - 12 potions of curing
 s - 3 potions of resistance
 u - a potion of cancellation {unknown}
 w - 8 potions of flight
 H - a potion of invisibility {unknown}
Miscellaneous
 g - a condenser vane


   Skills:
 - Level 5.3 Fighting
 - Level 0.1 Maces & Flails
 - Level 4.9 Dodging
 - Level 3.0 Stealth
 - Level 2.4 Shields
 + Level 11.8 Spellcasting
 - Level 14.1 Conjurations
 * Level 6.1 Transmutations
 - Level 11.0 Ice Magic
 * Level 8.4 Air Magic
 + Level 10.3 Invocations


You had 10 spell levels left.
You knew the following spells:

 Your Spells              Type           Power      Damage    Failure   Level
a - Freeze                Ice            100%       1d11      0%          1
b - Frozen Ramparts       Ice            100%       1d12      1%          3
c - Ozocubu's Armour      Ice            87%        N/A       1%          3
d - Hailstorm             Conj/Ice       92%        3d18      1%          4
e - Summon Ice Beast      Ice/Summ       63%        N/A       1%          4
f - Lightning Bolt        Conj/Air       44%        1d63      1%          5
h - Storm Form            Tmut/Air       36%        N/A       47%         7

Your spell library contained the following spells:

 Spells                   Type           Power      Damage    Failure   Level
 Shock                    Conj/Air       100%       1d9       0%          1
 Beastly Appendage        Tmut           100%       N/A       1%          1
 Corona                   Hex            26%        N/A       1%          1
 Summon Small Mammal      Summ           96%        N/A       1%          1
 Call Imp                 Summ           24%        N/A       1%          2
 Ensorcelled Hibernation  Hex/Ice        100%       N/A       1%          2
 Static Discharge         Conj/Air       88%        N/A       1%          2
 Wereblood                Tmut           66%        N/A       1%          2
 Dazzling Flash           Conj/Hex       100%       N/A       1%          3
 Spider Form              Tmut/Pois      25%        N/A       1%          3
 Swiftness                Air            77%        N/A       1%          3
 Airstrike                Air            38%        N/A       1%          4
 Ice Form                 Ice/Tmut       77%        N/A       1%          4
 Irradiate                Conj/Tmut      41%        3d27      1%          5
 Freezing Cloud           Conj/Ice/Air   43%        6-21      1%          6
 Summon Lightning Spire   Summ/Air       57%        N/A       2%          4
 Call Canine Familiar     Summ           24%        N/A       3%          3
 Confusing Touch          Hex            24%        N/A       3%          3
 Gell's Gravitas          Tloc           12%        N/A       3%          3
 Summon Guardian Golem    Hex/Summ       24%        N/A       3%          3
 Tukima's Dance           Hex            24%        N/A       3%          3
 Petrify                  Tmut/Erth      50%        N/A       3%          4
 Metabolic Englaciation   Hex/Ice        31%        N/A       3%          5
 Yara's Violent Unravell  Hex/Tmut       25%        3d11      10%         5
 Ozocubu's Refrigeration  Ice            43%        4d13      12%         7
 Blade Hands              Tmut           33%        N/A       16%         6
 Simulacrum               Ice/Necr       31%        N/A       21%         6
 Summon Forest            Summ/Tloc      12%        N/A       34%         5
 Summon Mana Viper        Hex/Summ       24%        N/A       34%         5
 Statue Form              Tmut/Erth      33%        N/A       50%         6
 Dragon Form              Tmut           33%        N/A       65%         7
 Shadow Creatures         Summ           N/A        N/A       89%         6
 Summon Hydra             Summ           12%        N/A       100%        7


Dungeon Overview and Level Annotations

Branches:
Dungeon (15/15)            Temple (1/1) D:4            Lair (6/6) D:9
 Shoals (0/4) Lair:2       Spider (0/4) Lair:4        Slime (0/5) Lair:5
    Orc (0/2) D:12         Vaults (0/5) D:14         Bailey (visited)
  IceCv (visited)
 Depths: D:15

Altars:
Ashenzari
Cheibriados
Dithmenos
Elyvilon
Fedhas
Gozag
Hepliaklqana
Kikubaaqudgha
Makhleb
Nemelex Xobeh
Okawaru
Qazlal
Ru
Sif Muna
Trog
Uskayaw
Vehumet
Wu Jian
Xom
Yredelemnul
Zin
The Shining One
Jiyva

Shops:
D:3 !   D:7 [   D:9 (   D:10 [

Portals:
Trove: D:10 (give +4 shadow dragon scales)

Annotations:
D:13 3 runed translucent doors, Ginteh's ghost, journeyman OpVM; Simpacva's ghost, journeyman SpEn
D:15 Louise


Innate Abilities, Weirdness & Mutations

You are a tree.
Your roots penetrate the ground, keeping you stationary.
You cannot be teleported.
You are immune to unholy pain and torment.
Your maximum health is greatly increased.
Your equipment is partially melded.
((Your serpentine skin is tough. (AC +5)))
You have supernaturally acute eyesight. (SInv)
((Armour fits poorly on your strangely shaped body.))
((Your system is resistant to poisons. (rPois)))
((You cover ground very slowly.))
You can spit poison.
((You can use your snake-like lower body to constrict enemies.))
((Your tail ends in a sharp poisonous barb.))
Your body sometimes deteriorates upon taking damage.


Message History

Confirm with . or Enter, or press ? or * to list all spells.
Okay, then.
You feel much better.
The black mamba bites you but does no damage.
The tengu warrior hits you from afar with a +2 glaive!
The black mamba bites you but does no damage.
The boulder beetle waves its antennae.
The boulder beetle bites you!!
* * * LOW HITPOINT WARNING * * *
Okay, then.
Okay, then.
Really quaff the potion of lignification?
You turn into a tree.
Your +0 cloak melds into your body.
Your +1 pair of gloves melds into your body.
Your +2 robe of cold resistance melds into your body.
You feel less resistant to cold.
Your roots penetrate the ground.
The black mamba bites you but does no damage.
The tengu warrior hits you but does no damage.
The boulder beetle bites you.
* * * LOW HITPOINT WARNING * * *
The black mamba bites you!
* * * LOW HITPOINT WARNING * * *
You feel much better. The black mamba bites you!
* * * LOW HITPOINT WARNING * * *
The tengu warrior hits you from afar with a +2 glaive.
* * * LOW HITPOINT WARNING * * *
The ettin hits you but does no damage.
The ettin hits you with a +0 dire flail!
* * * LOW HITPOINT WARNING * * *
You block the boulder beetle's attack. You block the black mamba's attack.
As you read the scroll labelled CUDISI RUWIA, it crumbles to dust.
It is a scroll of amnesia.
Forget Summon Hydra, freeing 7 spell levels for a total of 10?
Your memory of Summon Hydra unravels.
The black mamba bites you.
* * * LOW HITPOINT WARNING * * *
The tengu warrior hits you from afar with a +2 glaive.
* * * LOW HITPOINT WARNING * * *
The ettin hits you but does no damage.
The ettin hits you with a +0 dire flail!
You die...

..........# #..♣
#......#.## #..♣ .
##.....#..# #..♣
..#...p..§.. ### #..♣
.....p@...# ##.# #..♣
#.Q....## #..## #..♣♣♣♣♣♣ .
#.C....###...# #........
..##......#.#..####........
......○.○.#S♣<).##'########
..#.......pQBC.))..........
...........@Q.)..#########
............p....##
###............###
.........#.##.#
........####### .......##
.......


You could see Louise (soul bound), a boulder beetle (soul bound), an ettin (soul
bound), 2 tengu warriors, a necromancer, a wizard (soul bound) and a black
mamba.

Vanquished Creatures
  A white draconian (IceCv)
  Snorg (D:10)
  2 boulder beetles
  Josephine (Lair:6)
  3 hydras
  A death knight (D:13)
  3 catoblepae (Lair:6)
  5 centaur warriors
  3 two-headed ogres
  A tengu warrior (D:14)
  Urug (Lair:6)
  7 death yaks
  A deep elf knight (D:13)
  Nergalle (D:10)
  A lindwurm (Lair:4)
  A deep elf archer (D:14)
  4 orc knights
  A deep elf pyromancer (D:14)
  An orb spider (Lair:4)
  A wolf spider (D:13)
  6 cyclopes
  3 ugly things
  A manticore (D:13)
  Maurice (D:8)
  An ice statue (IceCv)
  A gargoyle (D:12)
  The ghost of HAL9000 the Cleaver, a novice PaFi of Wu Jian (D:5)
  6 black mambas
  A rime drake (Lair:5)
  4 komodo dragons
  6 cane toads
  A yaktaur (D:13)
  A meliai (shapeshifter) (D:13)
  4 red devils (D:12)
  4 trolls
  21 polar bears
  8 blink frogs
  A slime creature (D:13)
  A vampire (D:12)
  4 wraiths
  A redback (shapeshifter) (D:13)
  3 wyverns
  A shadow (D:10)
  42 yaks
  Grum (D:9)
  16 humans (D:14)
  9 vampire mosquitoes
  3 basilisks
  3 steam dragons
  9 water moccasins
  2 acid dragons
  Duvessa (D:4)
  An ice beast (D:7)
  15 orc warriors
  6 black bears
  2 necrophages
  2 ogres
  A boggart (D:13)
  9 centaurs
  A sky beast (D:7)
  12 wolves
  2 phantoms
  6 bullfrogs
  2 gnoll sergeants
  3 scorpions
  Dowan (D:4)
  2 wyvern zombies
  6 killer bees
  5 wights
  5 howler monkeys
  5 centaur zombies
  9 orc priests
  3 hounds (D:5)
  2 jellies
  A gnoll shaman (D:7)
  3 iguanas
  A centaur skeleton (D:7)
  A scorpion zombie (D:5)
  12 orc wizards
  A hound zombie (D:5)
  A hound skeleton (D:5)
  A howler monkey zombie (D:5)
  13 gnolls
  A howler monkey skeleton (D:6)
  8 adders
  A shadow imp (D:6)
  A white imp (D:5)
  2 ufetubi
  60 orcs
  11 ball pythons
  5 bats
  3 endoplasms
  2 giant cockroaches (D:2)
  10 goblins
  4 hobgoblins
  8 jackals
  3 quokkas
  5 frilled lizards (D:1)
  5 kobolds
  5 rats
475 creatures vanquished.

Vanquished Creatures (collateral kills)
  A vault guard (D:10)
  7 hydras
  A centaur warrior (D:13)
  2 catoblepae
  4 death yaks (Lair:6)
  A deep elf pyromancer (D:13)
  An ugly thing (D:13)
  An oklob plant (Lair:5)
  4 manticores
  2 cyclopes (D:12)
  2 cane toads
  2 black mambas
  A rime drake (shapeshifter) (D:13)
  2 komodo dragons
  3 polar bears
  A wind drake (Lair:2)
  A slime creature (D:13)
  10 blink frogs
  2 shadows
  A wraith (Lair:6)
  A wyvern (Lair:4)
  2 basilisks
  10 yaks
  3 water moccasins
  A black bear (Lair:2)
  A necrophage (D:11)
  7 wolves
  2 bullfrogs
  2 wights (D:11)
  6 electric eels
  5 orcs (D:12)
89 creatures vanquished.

Vanquished Creatures (others)
  3 polar bears (IceCv)
  2 yaks (IceCv)
  10 wolves (IceCv)
  20 fungi
  36 plants
  4 withered plants (D:11)
75 creatures vanquished.

Grand Total: 639 creatures vanquished

Notes
Turn   | Place    | Note
-------+----------+-------------------------------------------
     0 | D:1      | Ethylacetat the Naga Ice Elementalist began the quest for
                  | the Orb.
     0 | D:1      | Reached XP level 1. HP: 15/15 MP: 3/3
   468 | D:1      | Reached XP level 2. HP: 18/22 MP: 5/5
   776 | D:1      | Found a faded altar of an unknown god.
  1475 | D:2      | Reached XP level 3. HP: 28/28 MP: 6/6
  2270 | D:2      | Reached skill level 1 in Shields
  2493 | D:2      | Reached XP level 4. HP: 36/36 MP: 7/7
  2936 | D:3      | Found Boeq's Distillery.
  2943 | D:3      | Bought a potion of lignification for 33 gold pieces
  2943 | D:3      | Bought a potion of curing for 33 gold pieces
  3111 | D:3      | Learned a level 3 spell: Frozen Ramparts
  3115 | D:3      | Learned a level 3 spell: Ozocubu's Armour
  3147 | D:3      | Found a burning altar of Makhleb.
  3164 | D:3      | Found a white marble altar of Elyvilon.
  3633 | D:3      | Found a hide-covered altar of Uskayaw.
  3790 | D:4      | Reached skill level 5 in Ice Magic
  3790 | D:4      | Reached XP level 5. HP: 26/42 MP: 3/9
  3921 | D:4      | Reached XP level 6. HP: 36/49 MP: 6/11
  4069 | D:4      | Noticed a necrophage
  4084 | D:4      | Killed a necrophage
  4286 | D:4      | Found a staircase to the Ecumenical Temple.
  4363 | Temple   | Entered the Ecumenical Temple
  4632 | D:4      | Found an ancient bone altar of Kikubaaqudgha.
  4634 | D:4      | Noticed Duvessa
  4635 | D:4      | Noticed Dowan
  4645 | D:4      | Killed Duvessa
  4646 | D:4      | Reached XP level 7. HP: 40/55 MP: 7/13
  4646 | D:4      | Killed Dowan
  5045 | D:4      | You fall into a shaft and drop 1 floor!
  5045 | D:5      | Entered Level 5 of the Dungeon
  5061 | D:5      | Reached skill level 5 in Spellcasting
  5193 | D:5      | Found a blossoming altar of Fedhas.
  5450 | D:5      | Learned a level 4 spell: Hailstorm
  5629 | D:5      | Reached XP level 8. HP: 57/62 MP: 16/16
  5665 | D:5      | Reached skill level 1 in Conjurations
  5804 | D:5      | Reached skill level 2 in Conjurations
  6272 | D:5      | Found a sacrificial altar of Ru.
  6443 | D:5      | Found a runed translucent door.
  6448 | D:5      | Noticed HAL9000's ghost (novice PaFi)
  6465 | D:5      | Gained mutation: Your body sometimes deteriorates upon
                  | taking damage. [potion of mutation]
  6465 | D:5      | Gained mutation: Your tail ends in a poisonous barb.
                  | [potion of mutation]
  6465 | D:5      | Gained mutation: Your tail ends in a sharp poisonous barb.
                  | [potion of mutation]
  6488 | D:5      | Killed HAL9000's ghost
  6489 | D:5      | Reached skill level 3 in Conjurations
  7234 | D:6      | Reached XP level 9. HP: 62/68 MP: 18/18
  7549 | D:6      | Reached skill level 4 in Conjurations
  7948 | D:6      | Found a basalt altar of Yredelemnul.
  8240 | D:7      | Found Cheibriados's Comfort Zone.
  8240 | D:7      | Found a snail-covered altar of Cheibriados.
  8265 | D:7      | Became a worshipper of Cheibriados the Contemplative
  8517 | D:7      | Reached skill level 5 in Conjurations
  9094 | D:7      | Found a shadowy altar of Dithmenos.
  9480 | D:8      | Noticed Maurice
  9492 | D:8      | Killed Maurice
  9493 | D:8      | Reached skill level 6 in Conjurations
  9695 | D:8      | Found a snail-covered altar of Cheibriados.
  9708 | D:8      | Reached * piety under Cheibriados
  9781 | D:8      | Found a radiant altar of Vehumet.
  9781 | D:8      | Found a glowing golden altar of the Shining One.
  9806 | D:8      | Found a bloodstained altar of Trog.
  9828 | D:8      | Found an opulent altar of Gozag.
 10228 | D:8      | Reached XP level 10. HP: 71/75 MP: 14/21
 10303 | D:8      | Reached skill level 7 in Conjurations
 10584 | D:9      | Found Efyib's Antique Weapon Emporium.
 10679 | D:9      | Noticed a two-headed ogre
 10688 | D:9      | Killed a two-headed ogre
 10967 | D:9      | Reached ** piety under Cheibriados
 10972 | D:9      | Reached skill level 8 in Conjurations
 11021 | D:9      | Found a flagged portal.
 11030 | Bailey   | Entered a bailey
 11030 | Bailey   | Noticed an orc knight
 11030 | Bailey   | Noticed an orc knight
 11037 | Bailey   | Learned a level 4 spell: Summon Ice Beast
 11043 | Bailey   | HP: 3/75 [orc knight/+0 halberd (34)]
 11045 | Bailey   | Killed an orc knight
 11045 | Bailey   | Killed an orc knight
 11258 | Bailey   | Noticed an orc knight
 11422 | Bailey   | Killed an orc knight
 11423 | Bailey   | Reached skill level 9 in Conjurations
 11423 | Bailey   | Reached skill level 1 in Invocations
 11461 | Bailey   | Reached skill level 10 in Ice Magic
 11584 | Bailey   | Reached XP level 11. HP: 81/81 MP: 16/23
 11652 | Bailey   | Reached *** piety under Cheibriados
 12009 | D:9      | Noticed Grum
 12016 | D:9      | Killed Grum
 12250 | D:9      | Found a staircase to the Lair.
 12398 | D:10     | Entered Level 10 of the Dungeon
 12426 | D:10     | Noticed Snorg
 12501 | D:10     | Killed Snorg
 12502 | D:10     | Reached skill level 10 in Conjurations
 12984 | D:10     | Noticed a vault guard
 12996 | D:10     | Killed a vault guard
 13100 | D:10     | Found a portal to a secret trove of treasure.
 13515 | D:10     | Reached **** piety under Cheibriados
 13708 | D:10     | Noticed a five-headed hydra
 13708 | D:10     | Noticed Nergalle
 13718 | D:10     | Noticed a spectral orc warlord
 13754 | D:10     | Killed a five-headed hydra
 13890 | D:10     | Found Veul's Antique Armour Emporium.
 13895 | D:10     | Killed Nergalle
 14480 | Lair:1   | Entered Level 1 of the Lair of Beasts
 14624 | Lair:1   | Reached skill level 5 in Invocations
 14649 | Lair:1   | Reached XP level 12. HP: 84/88 MP: 22/25
 14651 | Lair:1   | Reached skill level 11 in Conjurations
 15538 | Lair:2   | Found a staircase to the Shoals.
 16230 | Lair:2   | Noticed an eight-headed hydra
 16239 | Lair:2   | Killed an eight-headed hydra
 16317 | Lair:2   | Reached ***** piety under Cheibriados
 18266 | Lair:3   | Reached skill level 10 in Spellcasting
 18266 | Lair:3   | Reached skill level 12 in Conjurations
 18730 | Lair:3   | Noticed a death yak
 18739 | Lair:3   | Killed a death yak
 18948 | Lair:3   | Identified the +2 robe of Catatonia {Int+2}
 18975 | Lair:3   | Learned a level 5 spell: Lightning Bolt
 19236 | Lair:4   | Noticed an eight-headed hydra
 19241 | Lair:4   | Killed an eight-headed hydra
 19570 | Lair:4   | Noticed a seven-headed hydra
 19574 | Lair:4   | Noticed a seven-headed hydra
 19578 | Lair:4   | Killed a seven-headed hydra
 19579 | Lair:4   | Reached skill level 1 in Fighting
 19579 | Lair:4   | Reached skill level 1 in Air Magic
 19584 | Lair:4   | Killed a seven-headed hydra
 19820 | Lair:4   | Found a hole to the Spider Nest.
 19974 | Lair:4   | Noticed a four-headed hydra
 19985 | Lair:4   | Killed a four-headed hydra
 19986 | Lair:4   | Gained mutation: You can use your snake-like lower body to
                  | constrict enemies. [Naga growth]
 19986 | Lair:4   | Reached XP level 13. HP: 98/98 MP: 15/27
 21090 | Lair:5   | Reached ****** piety under Cheibriados
 21091 | Lair:5   | Reached skill level 13 in Conjurations
 21390 | Lair:5   | Identified the +3 leather armour of the Komodo Dragon {rF+
                  | rC+}
 21395 | Lair:5   | Found a hide-covered altar of Uskayaw.
 22125 | Lair:5   | Found a viscous altar of Jiyva.
 22125 | Lair:5   | Found a staircase to the Slime Pits.
 22244 | Lair:6   | Entered Level 6 of the Lair of Beasts
 22454 | Lair:6   | Noticed Josephine
 22468 | Lair:6   | Killed Josephine
 22725 | Lair:6   | Noticed Urug
 22740 | Lair:6   | Killed Urug
 23608 | Lair:6   | Reached XP level 14. HP: 72/115 MP: 11/28
 24939 | D:11     | Reached skill level 5 in Fighting
 24939 | D:11     | Reached skill level 5 in Air Magic
 25382 | D:11     | Reached skill level 14 in Conjurations
 26073 | D:12     | Found a staircase to the Orcish Mines.
 26843 | D:12     | Learned a level 7 spell: Summon Hydra
 26851 | D:12     | Learned a level 7 spell: Storm Form
 26939 | D:13     | Found a frozen archway.
 26944 | IceCv    | Entered an ice cave
 27400 | IceCv    | Reached skill level 1 in Transmutations
 27769 | IceCv    | Identified the +10 long sword of the Screaming Wolf {flame,
                  | *Corrode rN+ Str+4 Int+3}
 28391 | IceCv    | Noticed a white draconian
 28410 | IceCv    | Killed a white draconian
 29586 | D:13     | Reached XP level 15. HP: 51/123 MP: 17/30
 30599 | D:13     | Reached skill level 10 in Invocations
 30803 | D:13     | Identified the ring "Aluili Waofu" {rElec rCorr Str+6
                  | Int+2}
 30817 | D:13     | Identified the +4 great mace of Eternal Vigilance {vorpal,
                  | +Rage rCorr Stlth+}
 30825 | D:13     | Identified the +6 quick blade "Nuecvi" {drain, rPois rF+
                  | Will- Dex+9}
 30835 | D:13     | Identified the +5 short sword of the Realm of Zot {elec,
                  | Fragile rPois Int+3 Dex+2}
 30964 | D:13     | Found a runed translucent gate.
 30964 | D:13     | Found a runed translucent gate.
 30964 | D:13     | Found a runed translucent gate.
 30964 | D:13     | Found an ancient bone altar of Kikubaaqudgha.
 30964 | D:13     | Noticed Simpacva's ghost (journeyman SpEn)
 30964 | D:13     | Noticed Ginteh's ghost (journeyman OpVM)
 30964 | D:13     | Noticed a lich
 30964 | D:13     | Noticed a lich
 30964 | D:13     | Noticed a lich
 31063 | D:14     | Found a gate to the Vaults.
 31066 | D:14     | Reached skill level 5 in Transmutations
 32178 | D:14     | Found a sparkling altar of Nemelex Xobeh.
 32488 | D:15     | Entered Level 15 of the Dungeon
 32681 | D:15     | Noticed Louise
 32688 | D:15     | HP: 7/184 [black mamba (shapeshifter) (6)]
 32688 | D:15     | Mangled by an ettin

Illustrated notes

Levels and vault maps discovered:
D:1:      mrwooster_arrival_arrow, layout_loops_ring, basic_ecumenical_altar,
          corner_web_ring, kennysheep_another_room
D:2:      layout_basic, st_stairs_10
D:3:      layout_basic, lemuel_round_altar, elyvilon_altar_3,
          lemuel_crystal_altar, serial_shops, nicolae_shop_crystal
D:4:      layout_loops_corners, amcnicky_altar_gilded,
          minmay_temple_entry_sparse_star, serial_bayou_pond_e,
          minmay_crossroads, uniq_duvessa
D:5:      minmay_chambers_of_fours, layout_basic, kennysheep_mini,
          fedhas_altar_2, ebering_ghost_reflecting_pool
D:6:      layout_basic, nicolae_overflow_hidden_temple
D:7:      layout_rooms, grunt_dithmenos_shadows, serial_corexii_hall,
          corexii_hall_statues_u, corexii_hall_statues_t, minmay_shop_chei,
          hangedman_decor_peaks_small
D:8:      layout_basic, lemuel_crystal_altar, lemuel_tele_altar,
          gammafunk_temple_overflow_pools, kennysheep_mini_moat, uniq_maurice
D:9:      layout_loops_ring, erik_lair_dragon, serial_shops, shop,
          enter_bailey_4, uniq_grum
D:10:     layout_loops_cross, enter_trove_5, serial_shops, shop,
          mrwooster_statue_mirror, uniq_nergalle, uniq_snorg
D:11:     layout_roguey, serial_undead, serial_undead_d, serial_undead_c,
          serial_undead_f, serial_undead_e
D:12:     layout_irregular_city, hiddenorc1_lemuel,
          einodemon_armed_red_devil_minivault
D:13:     minmay_the_grid_3x2 [minmay_the_grid_fan, minmay_the_grid_expand,
          minmay_the_grid_slots, minmay_the_grid_holed_spiral,
          minmay_the_grid_tiny_cups, minmay_the_grid_prize_trominoes],
          layout_rooms, portal_ice_cave_entry_pillars_1, gammafunk_ghost_crypt,
          kennysheep_generic_room_12
D:14:     layout_roguey, david_vaults_3, nemelex_lonely_heart_becter, drop_trap
D:15:     hangedman_depths_entry_civil_slaughter, layout_cave_pools,
          kennysheep_pointless_box, serial_shops, nicolae_shop_behind_doors,
          gammafunk_ghost_mausoleum, serial_column_ruins,
          column_ruins_open_small, column_ruins_grid_3,
          column_ruins_columns_straight, column_ruins_corridor_corner,
          column_ruins_open_tiny, column_ruins_open_tiny,
          kennysheep_treasure_room, uniq_kirke, uniq_louise
Temple:   jpeg_temple_island
Lair:1:   layout_roguey, minivault_23
Lair:2:   beast_lair_carwin_large_1, layout_hall_layers,
          minmay_shoals_entry_beasts, serial_bayou_shore_a, lemuel_fruit_tree
Lair:3:   layout_regular_city, hangedman_lair_generics_rect, grunt_megastairs_4
Lair:4:   layout_roguey, nicolae_spider_entry_orb_guardian
Lair:5:   layout_loops_ring, dpeg_slime_entry_enclosed_altar, st_stairs_4,
          lemuel_oklob_altar
Lair:6:   evilmike_catoblepas_cave, layout_loops_ring, serial_bayou_lagoon_b,
          uniq_josephine, uniq_urug

Skill      XL: |  1  2  3  4  5  6  7  8  9 10 11 12 13 14 15 |
---------------+----------------------------------------------+-----
Shields        | 1 2 |  2.4
Spellcasting   | 3 4 5 6 7 8 9 10 11 | 11.8
Ice Magic      | 5 6 7 8 9 10 11 | 11.0
Conjurations   | 3 6 9 10 12 13 14 | 14.1
Invocations    | 2 5 7 8 9 10 | 10.3
Dodging        | 2 4 |  4.9
Fighting       | 1 4 5 |  5.3
Air Magic      | 1 4 6 8 |  8.4
Transmutations | 4 6 |  6.1
Maces & Flails | |  0.1
Stealth        | |  3.0

Action                   |  1- 3 |  4- 6 |  7- 9 | 10-12 | 13-15 || total
-------------------------+-------+-------+-------+-------+-------++-------
Melee: Whip              |    70 |    34 |       |       |       ||   104
       Unarmed           |     5 |       |       |       |       ||     5
       Dagger            |       |    55 |   456 |   309 |   312 ||  1132
       Constrict         |       |       |       |       |   108 ||   108
       Long sword        |       |       |       |       |   120 ||   120
 Cast: Freeze            |     7 |     7 |    18 |    23 |     1 ||    56
       Ozocubu's Armour  |       |     3 |    15 |    24 |    58 ||   100
       Frozen Ramparts   |       |     6 |    22 |    43 |    64 ||   135
       Hailstorm         |       |       |     2 |    26 |    18 ||    46
       Summon Ice Beast  |       |       |       |    58 |   125 ||   183
       Lightning Bolt    |       |       |       |     4 |    12 ||    16
 Abil: Spit Poison       |    23 |    25 |    33 |    86 |    56 ||   223
Evoke: Wand              |       |       |     1 |     5 |       ||     6
  Use: Potion            |       |       |     2 |     1 |     7 ||    10
       Scroll            |       |       |     2 |     2 |     6 ||    10
 Stab: Sleeping          |     2 |     2 |     2 |       |     4 ||    10
       Distracted        |       |     1 |       |     1 |     3 ||     5
       Paralysed         |       |       |     6 |       |       ||     6
Armor: Robe              |    16 |    18 |   145 |    92 |   327 ||   598
       Skin              |       |       |    11 |       |     9 ||    20
       Steam dragon scal |       |       |    79 |   144 |       ||   223
Dodge: Dodged            |    39 |    46 |   223 |   183 |   314 ||   805
Block: Buckler           |     9 |    26 |    91 |   148 |   205 ||   479
       Rpst.: Long sword |       |       |       |       |    20 ||    20

Table legend: (Time is in decaauts)
 A = Elapsed time spent in this place.
 B = Non-inter-level travel time spent in this place.
 C = Inter-level travel time spent in this place.
 D = Time resting spent in this place.
 E = Time spent auto-exploring this place.
 F = Levels seen in this place.
 G = Mean time per level.
                   A        B        C        D        E       F      G
               +--------+--------+--------+--------+--------+-----+--------+
         Total |  49505 |  47040 |   2465 |   5807 |  34657 |  24 | 2062.7 |
       Dungeon |  29355 |  27668 |   1687 |   2372 |  21546 |  15 | 1957.0 |
        Temple |    399 |    332 |     67 |      0 |    330 |   1 |  399.0 |
          Lair |  16936 |  16226 |    710 |   2241 |  12390 |   6 | 2822.7 |
        Bailey |    740 |    740 |      0 |    212 |    205 |   1 |  740.0 |
      Ice Cave |   2073 |   2073 |      0 |    981 |    184 |   1 | 2073.0 |
               +--------+--------+--------+--------+--------+-----+--------+

Top non-repeatable levels by time:
    D:13: 3941 daAuts
  Lair:6: 3482 daAuts
  Lair:2: 3231 daAuts
    D:10: 2914 daAuts
  Lair:5: 2676 daAuts
  Lair:4: 2630 daAuts
    D:14: 2583 daAuts
  Lair:3: 2505 daAuts
     D:9: 2501 daAuts
  Lair:1: 2409 daAuts
    D:12: 2326 daAuts
   IceCv: 2073 daAuts
    D:11: 1985 daAuts
     D:5: 1972 daAuts
     D:2: 1817 daAuts
